cohdb
Replays
Latest Replays
All Replays
Popular Replays
Top Player Replays
Match Explorer
How It Works
Community
CoH3 Stats
Reddit
Sign in to upload your games and track your stats! →
Sign in with Steam
Match 42389264
Unlisted
Match 42389264
Overview
Messages
Build Orders
End
Vickers Machine Gun Team
Construct Section Command Post
Selects Canadian Shock Battlegroup
Dingo Light Scout Car
Infantry Section
Infantry Section
Infantry Section
Selects Attacking Spirit
Selects Canadian Shock Section
Canadian Shock Section
Construct Platoon Command Post
Selects Incendiary Munitions
Canadian Shock Section
Construct Field Infirmary
Infantry Section
Selects Pyrotechnics
Construct Company Command Post
Crusader II Medium Tank
Unlock M3 Grant Medium Tanks
M3 Grant Medium Tank
mp5
Dawes
kenia2310
Whitent
khj
Gunter
Zebra
스팀계정족같네
0
0
Comments
sign in to comment!
No comments posted yet!